 Dungeon Crawl Stone Soup version 0.18.1-48-g4cf74bf (console) character file.

137 Kloppie the Shield-Bearer (level 5, -1/41 HPs)
             Began as a Formicid Fighter on June 27, 2016.
             Slain by a giant frog (5 damage)
             ... on level 3 of the Dungeon.
             The game lasted 00:03:15 (2358 turns).

Kloppie the Shield-Bearer (Formicid Fighter)        Turns: 2358, Time: 00:03:16

Health: -1/41      AC:  6    Str: 20    XL:     5   Next: 44%
Magic:  5/5        EV:  8    Int:  8    God:
Gold:   119        SH: 10    Dex: 11    Spells: 0 memorised, 4 levels left

rFire  . . .     SeeInvis +     a - +0 war axe
rCold  . . .     Gourm    .     b - +0 scale mail
rNeg   . . .     Faith    .     c - +0 shield
rPois  .         Spirit   .     (helmet unavailable)
rElec  .         Dismiss  .     (no cloak)
rCorr  .         Reflect  .     (no gloves)
SustAt .         Harm     .     (no boots)
MR     .....                    (no amulet)
Stlth  ..........               (no ring)
                                (no ring)

@: not resistant to hostile enchantments, extremely unstealthy
A: permanent stasis, dig shafts and tunnels, four strong arms, antennae 3
a: Dig, Shaft Self


You were on level 3 of the Dungeon.
You were not hungry.

You visited 1 branch of the dungeon, and saw 3 of its levels.

You collected 119 gold pieces.

Inventory:

Hand Weapons
 a - a +0 war axe (weapon)
 l - a +0 war axe of electrocution
Armour
 b - a +0 scale mail (worn)
 c - a +0 shield (worn)
 m - a +0 chain mail
Jewellery
 r - an uncursed amulet of faith {unknown}
Scrolls
 e - a scroll of identify {unknown}
 g - a scroll of magic mapping {unknown}
 h - 2 scrolls of fog {unknown}
 i - a scroll of blinking {unknown}
 k - 2 scrolls of teleportation {unknown}
 n - a scroll of amnesia {unknown}
 o - 3 scrolls of enchant weapon {unknown}
 p - 2 scrolls of remove curse {unknown}
 t - a scroll of recharging {unknown}
Potions
 d - 2 potions of might
 q - a potion of agility {unknown}
Comestibles
 f - 2 bread rations
 j - a meat ration
 s - 10 chunks of flesh


   Skills:
 - Level 3.2 Fighting
 + Level 3.9 Axes
 - Level 3.2 Armour
 + Level 5.4 Shields


You had 4 spell levels left.
You didn't know any spells.

Dungeon Overview and Level Annotations

Branches:
Dungeon (3/15)

Altars:
Gozag
Sif Muna
Trog
The Shining One


Innate Abilities, Weirdness & Mutations

You are under a permanent stasis effect.
You can dig through walls and to a lower floor.
Your four strong arms can wield two-handed weapons with a shield.
You have a pair of large antennae on your head (SInv).


Message History

You barely miss the giant frog.
The giant frog is almost dead.
The giant frog hits you.
* * * LOW HITPOINT WARNING * * *
The giant frog hits you but does no damage.
You hit the giant frog.
The giant frog is almost dead.
The giant frog hits you.
* * * LOW HITPOINT WARNING * * *
The giant frog hits you.
* * * LOW HITPOINT WARNING * * *
Your shield and scale mail prevent you from hitting the giant frog.
The giant frog is almost dead.
The giant frog hits you.
* * * LOW HITPOINT WARNING * * *
The giant frog hits you but does no damage.
Your scale mail prevents you from hitting the giant frog.
The giant frog is almost dead.
The giant frog barely misses you. The giant frog hits you.
You die...

............#
#.....#.##.##
........#...#
#.....#.##.##
........#...#
#.....#.##.##
........#...#
#.....#.##.##
........#...#
####.......##
........#...#
#.##.#####
........#...#
#.##.#
+##....#.#.#
#.##.# ###@#
#.##.# ###
#F# #.##.#
... ..#
#.##.# ...
.... #.##.#
... ..... ...
....... ...
........ ...
.. +...
..........
..##.##...
#....##...


You could see a giant frog.

Vanquished Creatures
  6 adders
  2 oozes
  3 dart slugs (D:2)
  4 giant geckos
  4 bats
  A giant cockroach (D:3)
  15 goblins
  3 hobgoblins
  6 jackals (D:3)
  2 quokkas
  3 ball pythons
  4 giant newts
  4 kobolds
  8 rats
65 creatures vanquished.

Notes
Turn   | Place    | Note
--------------------------------------------------------------
     0 | D:1      | Kloppie the Formicid Fighter began the quest for the Orb.
     0 | D:1      | Reached XP level 1. HP: 18/18 MP: 1/1
   176 | D:1      | Reached XP level 2. HP: 23/24 MP: 2/2
   215 | D:1      | Reached skill level 4 in Shields
   376 | D:1      | Reached XP level 3. HP: 26/29 MP: 3/3
   848 | D:2      | Found a glowing golden altar of the Shining One.
   943 | D:2      | Found a deep blue altar of Sif Muna.
  1056 | D:2      | Reached XP level 4. HP: 21/35 MP: 4/4
  1335 | D:2      | Found an opulent altar of Gozag.
  1426 | D:2      | Reached skill level 5 in Shields
  1824 | D:3      | Found a bloodstained altar of Trog.
  1881 | D:3      | Reached XP level 5. HP: 41/41 MP: 5/5
  2343 | D:3      | Noticed a giant frog
  2358 | D:3      | Slain by a giant frog

Skill      XL: |  1  2  3  4 |
---------------+-------------+-----
Shields        | 4 5 |  5.4
Axes           | 3 |  3.9
Fighting       | |  3.2
Armour         | |  3.2

Action                   |  1- 3 |  4- 6 || total
-------------------------+-------+-------++-------
Melee: War axe           |   110 |   183 ||   293
  Eat: Chunk             |     1 |     4 ||     5
Armor: Scale mail        |    48 |    75 ||   123
Dodge: Dodged            |    41 |    68 ||   109
Block: Shield            |    60 |   112 ||   172
